 Dungeon Crawl Stone Soup version 0.30-a0-1014-g3371b13838 (webtiles) character file.

Game seed: 8615041714293617035

1461 112233 the Zephyrmancer (level 8, 0/76 HPs)
             Began as a Tengu Air Elementalist on Apr 6, 2023.
             Was a Priest of Makhleb.
             Succumbed to a killer bee's poison
             ... on level 9 of the Dungeon.
             The game lasted 00:06:36 (6430 turns).

112233 the Zephyrmancer (Tengu Air Elementalist)    Turns: 6430, Time: 00:06:37

Health: 0/76       AC: 24    Str:  8    XL:     8   Next: 77%
Magic:  0/18       EV:  2    Int: 18    God:    Makhleb [***...]
Gold:   217        SH:  0    Dex: 15    Spells: 8/19 levels left

rFire   . . .      SeeInvis .    n - +1 dagger (freeze)
rCold   + . .      Faith    .    (no shield)
rNeg    . . .      Spirit   .    a - melded +0 robe
rPois   +          Reflect  .    (helmet currently unavailable)
rElec   .          Rampage  .    s - melded +0 cloak
rCorr   .          NoTele   +    b - melded +0 pair of gloves
Will    .....                    (boots unavailable)
Stlth   ++                       i - amulet of the acrobat
HPRegen 0.32/turn                l - ring of protection from cold
MPRegen 0.16/turn                g - ring of flight

@: mighty, brilliant, lethally poisoned (0 -> -9), tree-form, acrobatic, hasted,
very quick
A: stationary, stasis, torment immunity, boosted hp, (beak), (talons 3), nimble
flight
a: Renounce Religion, Minor Destruction, Lesser Servant of Makhleb


You were on level 9 of the Dungeon.
You worshipped Makhleb.
Makhleb was most pleased with you.
You were a tree.
You visited 1 branch of the dungeon, and saw 7 of its levels.

You collected 217 gold pieces.

Inventory:

Hand Weapons
 n - a +1 dagger of freezing (weapon)
Armour
 a - a +0 robe (melded)
 b - a +0 pair of gloves (melded)
 s - a +0 cloak (melded)
Jewellery
 g - a ring of flight (right branch)
 i - an amulet of the acrobat (around neck)
 l - a ring of protection from cold (left branch)
Wands
 j - a wand of flame (12) (quivered)
Scrolls
 c - 7 scrolls of identify {unknown}
 e - a scroll of fog
 k - a scroll of teleportation
 q - a scroll of vulnerability {unknown}
 t - a scroll of magic mapping {unknown}
 u - a scroll of brand weapon {unknown}
Potions
 f - a potion of might


   Skills:
 + Level 5.7 Fighting
 - Level 2.1 Dodging
 - Level 2.0 Stealth
 + Level 6.1 Spellcasting
 - Level 1.3 Conjurations
 + Level 8.8 Air Magic


You had 8 spell levels left.
You knew the following spells:

 Your Spells              Type           Power      Damage    Failure   Level
a - Shock                 Conj/Air       100%       1d9       1%          1
b - Static Discharge      Conj/Air       70%        2-5/arc   2%          2
c - Airstrike             Air            27%        2d(4-20)  3%          4
d - Swiftness             Air            54%        N/A       1%          3
e - Apportation           Tloc           16%        N/A       12%         1

Your spell library contained the following spells:

 Spells                   Type           Power      Damage    Failure   Level
 Necrotise                Necr           32%        1d5       12%         1
 Summon Small Mammal      Summ           32%        N/A       12%         1
 Vampiric Draining        Necr           8%         2d6       34%         3
 Agony                    Necr           8%         N/A       97%         5


Dungeon Overview and Level Annotations

Branches:
Dungeon (6/15)
 Temple: D:4-7

Altars:
Fedhas
Makhleb
Yredelemnul
The Shining One

Annotations:
D:3 3 runed translucent doors, void236's ghost, weakling FoFi


Innate Abilities, Weirdness & Mutations

You are a tree.
Your roots penetrate the ground, keeping you stationary.
You cannot be teleported.
You are immune to unholy pain and torment.
Your maximum health is greatly increased.
Your equipment is partially melded.
((You have a beak for a mouth.))
((You have claws for feet.))
Your magical nature lets you fly swiftly and evasively.


Message History

* * * LOW HITPOINT WARNING * * *
Unknown command.
Unknown command.
Unknown command.
Okay, then.
Okay, then.
Aiming: Throw Flame
Press: ? - help, Shift-Dir - straight line The puff of flame misses the killer bee.
The puff of flame hits the killer bee.
The killer bee is moderately wounded.
You feel sick. The killer bee stings you.
* * * LOW HITPOINT WARNING * * *
You are lethally poisoned!
The killer bee poisons you!
Unknown command.
Unknown command.
Okay, then.
As you read the scroll labelled BENYEWNO FESEX, it crumbles to dust.
The scroll dissolves into smoke.
It was a scroll of fog.
* * * LOW HITPOINT WARNING * * *
You feel very sick.
The killer bee stings you but does no damage.
Unknown command.
As you read the scroll labelled OBBAMIRPH IRPHAROZA, it crumbles to dust.
You feel a strange sense of stasis.
It was a scroll of teleportation.
* * * LOW HITPOINT WARNING * * *
You feel sick.
The killer bee stings you but does no damage.
The killer bee stings you.
* * * LOW HITPOINT WARNING * * *
Unknown command.
As you read the scroll labelled XENETY YSOGHES, it crumbles to dust.
You assume a fearsome visage.
The killer bee looks frightened! x2
It was a scroll of fear.
* * * LOW HITPOINT WARNING * * *
You feel sick.
Unknown command.
Unknown command.
You die...

###################
#.........§§♣y§.).#
#.........#######)##
#.........# #..#
#####.##### # ##.#
#.# .. #o# #.##
..oz...o....... #..#
..o.........#...
##.# ......[##.##...
#.#........ #.. ...#


You could see a killer bee (fleeing).

Vanquished Creatures
  Pikel (D:5)
  2 black bears (D:5)
  4 lemures (D:5)
  A bullfrog (D:4)
  A scorpion (D:5)
  A wight (D:9)
  A killer bee (D:9)
  A jelly (D:5)
  6 hounds
  An orc priest (D:9)
  Jessica (D:2)
  4 iguanas
  An orc wizard (D:9)
  2 scorpion zombies (D:3)
  Robin (D:2)
  3 gnolls
  7 adders
  2 ufetubi
  3 worms
  8 orcs
  10 ball pythons
  7 bats
  4 endoplasms
  3 giant cockroaches
  13 goblins
  11 hobgoblins
  9 jackals
  4 kobolds
  6 quokkas
  A frilled lizard (D:1)
  7 rats
126 creatures vanquished.

Vanquished Creatures (others)
  7 plants (D:2)
7 creatures vanquished.

Grand Total: 133 creatures vanquished

Notes
Turn   | Place    | Note
-------+----------+-------------------------------------------
     0 | D:1      | 112233 the Tengu Air Elementalist began the quest for the
                  | Orb.
     0 | D:1      | Reached XP level 1. HP: 10/10 MP: 4/4
   171 | D:1      | Reached XP level 2. HP: 15/15 MP: 0/6
   328 | D:1      | Learned a level 2 spell: Static Discharge
   330 | D:1      | Learned a level 1 spell: Apportation
   383 | D:1      | Found a faded altar of an unknown god.
   403 | D:1      | Prayed at the altar of an unknown god.
   403 | D:1      | Became a worshipper of Makhleb the Destroyer
   403 | D:1      | Reached * piety under Makhleb
   638 | D:1      | Reached XP level 3. HP: 20/20 MP: 6/8
  1180 | D:2      | Noticed Jessica
  1184 | D:2      | Killed Jessica
  1185 | D:2      | Reached skill level 1 in Fighting
  1185 | D:2      | Reached XP level 4. HP: 25/25 MP: 4/9
  1643 | D:2      | Reached ** piety under Makhleb
  1791 | D:2      | Noticed Robin
  1799 | D:2      | Killed Robin
  1800 | D:2      | Reached skill level 5 in Air Magic
  2226 | D:2      | Gained mutation: Your magical nature lets you fly swiftly
                  | and evasively. [Tengu growth]
  2226 | D:2      | Reached XP level 5. HP: 30/30 MP: 7/11
  2624 | D:2      | Learned a level 3 spell: Swiftness
  2629 | D:2      | Learned a level 4 spell: Airstrike
  2830 | D:3      | Found a runed translucent gate.
  2832 | D:3      | Found a runed translucent gate.
  2949 | D:3      | Noticed void236's ghost (weakling FoFi)
  2950 | D:3      | Found a runed translucent gate.
  3258 | D:4      | Reached XP level 6. HP: 25/36 MP: 4/13
  3498 | D:4      | Reached skill level 6 in Air Magic
  3858 | D:3      | Found a basalt altar of Yredelemnul.
  4407 | D:4      | Found a glowing golden altar of the Shining One.
  4459 | D:4      | Reached *** piety under Makhleb
  4704 | D:4      | Reached XP level 7. HP: 41/41 MP: 9/14
  4825 | D:5      | Entered Level 5 of the Dungeon
  5180 | D:5      | Reached skill level 7 in Air Magic
  5300 | D:5      | Reached skill level 5 in Spellcasting
  5676 | D:5      | Noticed Pikel
  5701 | D:5      | Reached XP level 8. HP: 47/48 MP: 8/17
  6221 | D:5      | Killed Pikel
  6222 | D:5      | Reached skill level 5 in Fighting
  6222 | D:5      | Reached skill level 8 in Air Magic
  6340 | D:6      | Found a blossoming altar of Fedhas.
  6340 | D:6      | You are sucked into a shaft and drop 3 floors!
  6428 | D:9      | HP: 3/76 [killer bee (2)]
  6429 | D:9      | HP: 1/76 [poisoned by a killer bee]
  6430 | D:9      | Succumbed to a killer bee's poison

Illustrated notes

Levels and vault maps discovered:
D:1:      dpeg_arrival_round_b, layout_loops_ring,
          hellmonk_ecumenical_altar_arch_garden
D:2:      wad_lake_hut, layout_loops_ring, uniq_jessica, uniq_robin
D:3:      layout_basic, nicolae_yredelemnul_ghost_church, kennysheep_nub
D:4:      layout_gridville, kennysheep_little_box, kennysheep_potato
D:5:      layout_rooms, uniq_pikel
D:6:      layout_basic, mainiacjoe_overflow_cross_hatched,
          grunt_ashenzari_visionary [grunt_ashenzari_visionary_shoals,
          grunt_ashenzari_visionary_spider], nicolae_shop_self_help
D:9:      layout_rooms, nicolae_elyvilon_peaceful_grove, xom_butterflies,
          uniq_maggie, uniq_maurice

Skill      XL: |  1  2  3  4  5  6  7  8 |
---------------+-------------------------+-----
Spellcasting   | 3 4 5 6 |  6.1
Fighting       | 1 2 3 4 5 |  5.7
Air Magic      | 5 6 7 8 |  8.8
Dodging        | |  2.1
Stealth        | |  2.0
Conjurations   | |  1.3

Action                     |  1- 3 |  4- 6 |  7- 9 || total
---------------------------+-------+-------+-------++-------
  Melee: Unarmed           |    13 |     3 |       ||    16
         Kick              |     7 |     3 |     6 ||    16
         Peck              |     1 |       |     6 ||     7
         Dagger            |       |     1 |    23 ||    24
   Cast: Shock             |    51 |   179 |    83 ||   313
         Static Discharge  |       |    10 |    11 ||    21
         Airstrike         |       |       |    17 ||    17
  Evoke: Wand              |       |       |     8 ||     8
    Use: Potion            |       |     1 |     7 ||     8
         Scroll            |       |       |     4 ||     4
 Armour: Robe              |     6 |    11 |    17 ||    34
         Skin              |       |       |     4 ||     4
  Dodge: Dodged            |    14 |    42 |    50 ||   106

Table legend: (Time is in decaauts)
 A = Elapsed time spent in this place.
 B = Non-inter-level travel time spent in this place.
 C = Inter-level travel time spent in this place.
 D = Time resting spent in this place.
 E = Time spent auto-exploring this place.
 F = Levels seen in this place.
 G = Mean time per level.
                   A        B        C        D        E       F      G
               +--------+--------+--------+--------+--------+-----+--------+
         Total |   6245 |   6077 |    168 |    618 |   4666 |   7 |  892.1 |
       Dungeon |   6245 |   6077 |    168 |    618 |   4666 |   7 |  892.1 |
               +--------+--------+--------+--------+--------+-----+--------+

Top non-repeatable levels by time:
     D:5: 1473 daAuts
     D:2: 1415 daAuts
     D:1: 1190 daAuts
     D:4: 1096 daAuts
     D:3: 986 daAuts
     D:9: 81 daAuts
